 Dungeon Crawl Stone Soup version 0.17-a0-484-g0e03f6a (console) character file.

5126 MrRokkomies the Martial Artist (level 10, -8/51 HPs)
             Began as a Vine Stalker Transmuter on Apr 10, 2015.
             Was a Priest of Ru.
             Killed by nerve-wracking pain
             ... invoked by a deep elf priest
              (10 damage)
             ... in a bailey on Apr 11, 2015.
             The game lasted 00:37:56 (7159 turns).

MrRokkomies the Martial Artist (VSTm)               Turns: 7159, Time: 00:37:56

Health: -8/51      AC: 13    Str: 12    XL:     10   Next: 58%
Magic:  0/14       EV: 13    Int: 16    God:    Ru [***...]
Gold:   418        SH:  0    Dex: 16    Spells: 5 memorised, 3 levels left

rFire  . . .     SeeInvis .       - Unarmed
rCold  . . .     Clarity  .     A - +0 leather armour
rNeg   . . .     SustAb   +     (no shield)
rPois  .         Gourm    .     s - +0 helmet
rElec  .         Spirit   +     g - +0 cloak
rCorr  +         Warding  .     t - +1 pair of gloves
rMut   .         Stasis   .     n - +0 pair of boots
MR     +....                    e - amulet of resist corrosion
Stlth  +.........               L - +4 ring of protection
                                q - ring of sustain abilities

@: exhausted, very slightly contaminated, hasted, repel missiles, drained, very
quick, somewhat resistant to hostile enchantments, very unstealthy
A: fangs 3, regeneration 2, shaggy fur 1, magic shield, antimagic bite, no
device heal 3, rot immunity, inability to use devices, slow reflexes 1
a: Draw Out Power, Renounce Religion


You were in a bailey.
You worshipped Ru.
Ru was most pleased with you.
You were hungry.

You visited 1 branch of the dungeon, and saw 10 of its levels.
You also visited: Bailey.

You collected 418 gold pieces.

Inventory:

Hand weapons
 b - a +1 blowgun
Missiles
 f - 33 stones
 v - 26 arrows
 w - 54 poisoned needles
 E - 5 tomahawks (quivered)
Armour
 g - a +0 cloak (worn)
 n - a +0 pair of boots (worn)
 s - a +0 helmet (worn)
 t - a +1 pair of gloves (worn)
 A - a +0 leather armour (worn)
Magical staves
 O - an uncursed staff of poison
Jewellery
 e - an amulet of resist corrosion (around neck)
 q - a ring of sustain abilities (left hand)
 L - a +4 ring of protection (right hand)
Magical devices
 u - a wand of paralysis (14)
 z - a wand of teleportation (2)
Scrolls
 c - 2 scrolls of teleportation
 h - 2 scrolls of immolation
 p - 2 scrolls of recharging
 K - 4 scrolls of remove curse
 Q - a scroll of enchant armour
Potions
 i - 4 potions of agility
 k - 3 potions of haste
 l - a potion of poison
 m - 2 potions of curing
 o - a potion of heal wounds
 r - 2 potions of resistance
 x - a potion of restore abilities
 B - a potion of ambrosia {unknown}
 D - 3 potions of might
 F - 2 potions of mutation {unknown}
 I - 2 potions of magic {unknown}
 J - a potion of flight {unknown}
Books
 d - a book of Changes

   Spells                             Type                      Level
   a - Beastly Appendage              Transmutation                1
   b - Sticks to Snakes               Transmutation                2
   c - Spider Form                    Transmutation/Poison         3
   d - Ice Form                       Ice/Transmutation            4
   e - Blade Hands                    Transmutation                5
 y - a book of Party Tricks

   Spells                             Type                      Level
   a - Summon Butterflies             Summoning                    1
   b - Apportation                    Translocation                1
   c - Tukima's Dance                 Hexes                        3
   d - Alistair's Intoxication        Transmutation/Poison         4
   e - Invisibility                   Hexes                        6
 C - a book of the Dragon

   Spells                             Type                      Level
   a - Flight                         Charms/Air                   3
   b - Cause Fear                     Hexes                        4
   c - Bolt of Fire                   Conjuration/Fire             6
   d - Dragon Form                    Transmutation                7
   e - Dragon's Call                  Summoning                    9
 G - a book of Minor Magic

   Spells                             Type                      Level
   a - Magic Dart                     Conjuration                  1
   b - Blink                          Translocation                2
   c - Call Imp                       Summoning                    2
   d - Repel Missiles                 Charms/Air                   2
   e - Slow                           Hexes                        2
   f - Conjure Flame                  Conjuration/Fire             3
   g - Mephitic Cloud                 Conjuration/Poison/Air       3
 P - a book of Summonings

   Spells                             Type                      Level
   a - Abjuration                     Summoning                    3
   b - Recall                         Summoning/Translocation      3
   c - Shadow Creatures               Summoning                    5
   d - Summon Demon                   Summoning                    5
   e - Summon Forest                  Summoning/Translocation      5
   f - Monstrous Menagerie            Summoning                    6
Comestibles
 a - 7 bread rations
 j - 6 meat rations
 H - 3 fruits
 M - 2 beef jerkies
 N - 8 slices of pizza


   Skills:
 - Level 5.0(4.7) Fighting
 * Level 7.9(7.5) Dodging
 - Level 10.0(9.6) Unarmed Combat
 - Level 2.1(1.8) Spellcasting
 * Level 5.8(5.5) Transmutations


You had 3 spell levels left.
You knew the following spells:

 Your Spells              Type           Power        Failure   Level  Hunger
a - Beastly Appendage     Trmt           ###...       3%          1    ##.....
b - Sticks to Snakes      Trmt           ###.......   6%          2    ###....
c - Spider Form           Trmt/Pois      ##........   28%         3    ####...
d - Repel Missiles        Chrm/Air       #.....       50%         2    ###....
e - Blink                 Tloc           N/A          50%         2    ###....


Dungeon Overview and Level Annotations

Branches:
Dungeon (10/15)            Temple (0/1) D:4
   Lair: D:8-11         Orc: D:9-12

Altars:
Fedhas
Okawaru
Qazlal
Ru
Trog
Vehumet
The Shining One

Shops:
D:5 !


Innate Abilities, Weirdness & Mutations

You have razor-sharp teeth.
You heal very quickly.
You are covered in fur (AC +1).
When hurt, damage is shared between your health and your magic reserves.
Your bite disrupts and absorbs the magic of your enemies.
Potions and wands cannot restore your health.
You are immune to rotting.
You cannot study or use magical devices.
You have somewhat slow reflexes. (-3 EV)


Message History

The deep elf priest is moderately wounded.
The deep elf priest invokes the aid of its god against you.
Something smites you!
* * * LOW HITPOINT WARNING * * *
The deep elf mage hits you but does no damage.
The deep elf mage gestures wildly while chanting.
The deep elf mage blinks!
Drink which item? (? for menu, Esc to quit)
You feel yourself speed up.
The deep elf priest utters a dark prayer and points at you.
Your life force is offered up.
* * * LOW HITPOINT WARNING * * *
The deep elf priest is healed.
The deep elf mage is healed.
The deep elf mage hits you but does no damage.
You are very lightly contaminated with residual magic.
You completely miss the deep elf mage.
The deep elf mage is lightly wounded.
The deep elf priest invokes the aid of its god against you.
Pain shoots through your body!
You die...

##..##..\..#
#.)..#.....#
#....##...##
##..##'######.
###(..###...##
#..(..#.....#
#..\..#.....#
#..e..#..e..#
##.*@e#....#
#####e#
#....#....#
#..... .....#
#..*e. .....#
#..... .....#
##...# #...##
e### ###.


You could see 2 deep elf priests and a deep elf mage.

Vanquished Creatures
  A two-headed ogre (D:7)
  Grinder (D:3)
  A human (D:7)
  A hog (D:7)
  A deep elf fighter (Bailey)
  A hippogriff (D:9)
  Menkaure (D:4)
  Edmund (D:4)
  A water moccasin (D:8)
  3 ice beasts
  3 orc warriors
  3 ogres
  3 centaurs
  3 phantoms
  2 necrophages
  4 giant frogs
  A gnoll sergeant (D:6)
  A wyvern skeleton (D:8)
  3 wights (D:8)
  2 scorpions
  4 jellies
  2 goliath beetles
  4 crimson imps
  A centaur zombie (D:5)
  A giant frog skeleton (D:5)
  2 orc wizards
  2 quasits
  4 orc priests
  3 hounds
  4 centaur skeletons
  5 iguanas
  7 worker ants
  3 sheep (D:7)
  2 hound zombies
  A hound skeleton (D:7)
  A worker ant zombie (D:7)
  17 gnolls
  10 adders
  2 shadow imps (D:5)
  A worm (D:4)
  An adder zombie (D:9)
  6 giant geckos
  2 oozes
  28 orcs
  12 bats
  10 giant cockroaches
  11 goblins
  10 hobgoblins
  11 kobolds
  5 quokkas
  6 giant newts
  2 giant spores
  8 jackals
  2 jackal zombies
  20 rats
  5 ballistomycetes
252 creatures vanquished.

Vanquished Creatures (collateral kills)
  A rat (D:4)
1 creature vanquished.

Vanquished Creatures (others)
  A worker ant (D:8)
1 creature vanquished.

Grand Total: 254 creatures vanquished

Notes
Turn   | Place    | Note
--------------------------------------------------------------
     0 | D:1      | MrRokkomies, the Vine Stalker Transmuter, began the quest for the Orb.
     0 | D:1      | Reached XP level 1. HP: 9/9 MP: 4/4
    16 | D:1      | Reached skill level 1 in Fighting
   112 | D:1      | Reached XP level 2. HP: 12/14 MP: 6/6
   810 | D:1      | Learned a level 2 spell: Sticks to Snakes
   852 | D:2      | Found a radiant altar of Vehumet.
   964 | D:2      | Reached XP level 3. HP: 16/18 MP: 7/7
  1169 | D:2      | Found a bloodstained altar of Trog.
  1172 | D:2      | Found an iron altar of Okawaru.
  1495 | D:3      | Reached skill level 4 in Unarmed Combat
  1495 | D:3      | Reached XP level 4. HP: 20/23 MP: 8/8
  1600 | D:3      | Noticed Grinder
  1621 | D:3      | Killed Grinder
  1621 | D:3      | Reached skill level 5 in Unarmed Combat
  1621 | D:3      | Reached XP level 5. HP: 22/29 MP: 9/9
  1621 | D:3      | Gained mutation: You heal very quickly. [Vine Stalker growth]
  1621 | D:3      | Reached XP level 6. HP: 25/33 MP: 10/10
  1626 | D:3      | Learned a level 3 spell: Spider Form
  2193 | D:4      | Noticed Edmund
  2222 | D:4      | Killed Edmund
  2222 | D:4      | Reached XP level 7. HP: 32/38 MP: 3/11
  2409 | D:4      | Found a sacrificial altar of Ru.
  2424 | D:4      | Became a worshipper of Ru the Awakened
  2732 | D:4      | Learned a level 2 spell: Repel Missiles
  2735 | D:4      | Learned a level 2 spell: Blink
  2801 | D:4      | Found a stormy altar of Qazlal.
  2810 | D:4      | Noticed Menkaure
  2816 | D:4      | Killed Menkaure
  2816 | D:4      | Reached skill level 5 in Fighting
  2816 | D:4      | Reached skill level 6 in Unarmed Combat
  3090 | D:4      | Found a staircase to the Ecumenical Temple.
  3220 | D:5      | Entered Level 5 of the Dungeon
  3365 | D:5      | Reached skill level 7 in Unarmed Combat
  3365 | D:5      | Gained mutation: You have razor-sharp teeth. [Vine Stalker growth]
  3365 | D:5      | Reached XP level 8. HP: 43/43 MP: 6/12
  3373 | D:5      | Found a glowing golden altar of the Shining One.
  3695 | D:5      | Found a blossoming altar of Fedhas.
  3732 | D:5      | Found Conix's Distillery.
  3970 | D:6      | Found an iron altar of Okawaru.
  3996 | D:6      | Reached skill level 8 in Unarmed Combat
  4197 | D:6      | Gained mutation: You have somewhat slow reflexes. (-3 EV) [Ru sacrifice]
  4242 | D:6      | Reached XP level 9. HP: 47/47 MP: 13/13
  4599 | D:6      | Reached skill level 5 in Dodging
  4878 | D:6      | Reached skill level 9 in Unarmed Combat
  5460 | D:7      | Reached skill level 10 in Unarmed Combat
  5558 | D:8      | Reached XP level 10. HP: 44/51 MP: 14/14
  6029 | D:8      | Gained mutation: You cannot study or use magical devices. [Ru sacrifice]
  6029 | D:8      | Acquired Ru's first power
  6029 | D:8      | Acquired Ru's second power
  6029 | D:8      | Acquired Ru's third power
  6363 | D:9      | Reached skill level 5 in Transmutations
  6759 | D:10     | Entered Level 10 of the Dungeon
  7032 | D:10     | Found a flagged portal.
  7115 | Bailey   | Entered a bailey
  7158 | Bailey   | HP: 2/51 [deep elf priest/a malign offering (10)]
  7159 | Bailey   | Killed from afar by a deep elf priest

Action                   |  1- 3 |  4- 6 |  7- 9 | 10-12 || total
-------------------------+-------+-------+-------+-------++-------
Melee: Unarmed           |   125 |    62 |   449 |   252 ||   888
 Fire: Blowgun           |       |    12 |    34 |     5 ||    51
 Cast: Beastly Appendage |     2 |     5 |    14 |     1 ||    22
       Sticks to Snakes  |       |     3 |       |       ||     3
       Repel Missiles    |       |       |     2 |     1 ||     3
       Blink             |       |       |     3 |     1 ||     4
Invok: Sacrifice Health  |       |       |     1 |       ||     1
       Draw Out Power    |       |       |       |     1 ||     1
       Sacrifice Artific |       |       |       |     1 ||     1
  Use: Scroll            |     7 |     3 |     6 |     7 ||    23
       Potion            |       |       |       |     1 ||     1
 Stab: Paralysed         |       |       |     1 |       ||     1
       Sleeping          |       |       |     2 |       ||     2
       Invisible         |       |       |       |     4 ||     4
  Eat: Chunk             |     2 |     2 |    10 |     6 ||    20
       Beef jerky        |       |       |     1 |       ||     1
